 Dungeon Crawl Stone Soup version 0.32-a0-818-gb728d0252e (webtiles) character file.

Game seed: 15289529240228466756

1942394 cforsyth the Infernalist (level 27, 200/243 HPs)
             Began as a Mountain Dwarf Cinder Acolyte on Mar 23, 2024.
             Was a High Priest of Ignis.
             Escaped with the Orb
             ... and 4 runes!
             The game lasted 03:37:20 (106530 turns).

cforsyth the Infernalist (MDCA)                   Turns: 106530, Time: 03:37:20

Health: 200/243    AC: 46    Str: 22      XL:     27
Magic:  38/40      EV: 11    Int: 17 (18) God:    Ignis [*****.]
Gold:   6671       SH: 16    Dex: 16      Spells: 27/52 levels left

rFire   + + +        a - +9 broad axe of Classification {flame, rElec Will+ rCorr Int-3}
rCold   + + .        L - +3 warlock's mirror {omnireflect}
rNeg    + . .        w - +9 plate armour of the Buccaneer {Harm Dex+3}
rPois   .            A - +1 hat {SInv}
rElec   +            q - +4 dragonskin cloak {Aegis}
rCorr   +            D - +2 pair of gloves "Wacruony" {Rampage rC+ rN+ Int+2}
SInv    +            E - +2 pair of boots of Esum {rF++ Will+}
Will    ++++.        P - amulet of reflection Stlth
                     s - ring of Goesicro {+Blink rF+ Int-3 Dex+4 Slay+4}
HPRegen 0.60/turn    U - ring "Voanuhim" {rC+ Str+3 Int-3 Slay+3}
MPRegen 0.27/turn

%: harm (+30% outgoing, +20% incoming), reflection, clarity, rampage
@: hasted, studying 3 skills, very quick
A: runic magic, artefact enchanting, agile 1, clarity, MP-powered wands
0: Orb of Zot
}: 4/15 runes: barnacled, slimy, silver, gossamer
a: Renounce Religion, Evoke Blink, Fiery Armour, Foxfire Swarm, Rising Flame


You escaped.
You worshipped Ignis.
Ignis was extremely pleased with you.
You visited 11 branches of the dungeon, and saw 55 of its levels.
You also visited: Trove, Sewer and Gauntlet.

You collected 10796 gold pieces.
You spent 4125 gold pieces at shops.


Innate Abilities, Weirdness & Mutations

Your spellcasting is much less encumbered by armour.
You can use scrolls of enchantment on lesser artefacts.
You are agile. (Dex +4, Str/Int -1)
You possess an exceptional clarity of mind.
You expend magic power (3 MP) to strengthen your wands.


   Skills:
 - Level 19.0 Fighting
 - Level 19.4 Axes
 + Level 26.5 Armour
 - Level 7.1 Dodging
 - Level 17.0 Shields
 - Level 13.4 Spellcasting
 + Level 23.3 Conjurations
 O Level 27 Fire Magic
 - Level 8.0 Evocations


You had 27 spell levels left.
You knew the following spells:

 Your Spells              Type           Power      Damage    Failure   Level
f - Fire Storm            Conj/Fire      38%        8d10      30%         9
n - Ignition              Fire           40%        3d12      1%          8
X - Scorch                Fire           100%       2d9       0%          2
Y - Plasma Beam           Fire/Air       27%        2x1d40    5%          6

Your spell library contained the following spells:

 Spells                   Type           Power      Damage    Failure   Level
 Foxfire                  Conj/Fire      100%       2x1d9     0%          1
 Flame Wave               Conj/Fire      77%        2d17      0%          4
 Shock                    Conj/Air       100%       1d9       1%          1
 Sting                    Conj/Alch      100%       1d9       1%          1
 Momentum Strike          Conj/Tloc      100%       3d10      1%          2
 Static Discharge         Conj/Air       100%       3-8/arc   1%          2
 Dazzling Flash           Conj/Hex       100%       N/A       1%          3
 Hailstorm                Conj/Ice       50%        3d10      1%          3
 Inner Flame              Hex/Fire       55%        N/A       1%          3
 Mephitic Cloud           Conj/Alch/Air  37%        N/A       1%          3
 Stone Arrow              Conj/Erth      100%       3d13      1%          3
 Volatile Blastmotes      Fire/Tloc      100%       2d18      1%          3
 Ignite Poison            Fire/Alch      55%        N/A       1%          4
 Iskenderun's Mystic Bla  Conj/Tloc      50%        2d11      1%          4
 Sticky Flame             Fire/Alch      55%        2d10      1%          4
 Summon Blazeheart Golem  Fire/Summ      55%        N/A       1%          4
 Arcjolt                  Conj/Air       25%        1d35      1%          5
 Iskenderun's Battlesphe  Conj           74%        2d12      1%          5
 Starburst                Conj/Fire      38%        6d11      1%          6
 Apportation              Tloc           22%        N/A       9%          1
 Necrotise                Necr           44%        1d6       9%          1
 Summon Small Mammal      Summ           44%        N/A       9%          1
 Freezing Cloud           Conj/Ice/Air   18%        6-21      11%         5
 Bombard                  Conj/Erth      25%        9d5       12%         6
 Conjure Ball Lightning   Conj/Air       25%        3x3d7     12%         6
 Blink                    Tloc           22%        N/A       14%         2
 Cigotuvi's Dreadful Rot  Necr/Alch/Air  22%        N/A       14%         2
 Ensorcelled Hibernation  Hex/Ice        22%        N/A       14%         2
 Jinxbite                 Hex            22%        N/A       14%         2
 Lesser Beckoning         Tloc           22%        N/A       14%         2
 Mercury Vapours          Alch/Air       22%        N/A       14%         2
 Frozen Ramparts          Ice            22%        1d4       26%         3
 Ozocubu's Armour         Ice            11%        N/A       26%         3
 Passwall                 Erth           11%        N/A       26%         3
 Sigil of Binding         Hex            11%        N/A       26%         3
 Summon Ice Beast         Ice/Summ       11%        N/A       26%         3
 Swiftness                Air            11%        N/A       26%         3
 Tukima's Dance           Hex            11%        N/A       26%         3
 Vampiric Draining        Necr           11%        2d6       26%         3
 Spellforged Servitor     Conj/Summ      25%        N/A       54%         7
 Airstrike                Air            5%         2d(1-17)  65%         4
 Anguish                  Hex/Necr       5%         N/A       65%         4
 Animate Armour           Summ/Erth      22%        N/A       65%         4
 Animate Dead             Necr           11%        N/A       65%         4
 Cause Fear               Hex            5%         N/A       65%         4
 Dimensional Bullseye     Hex/Tloc       5%         N/A       65%         4
 Leda's Liquefaction      Alch/Erth      5%         N/A       65%         4
 Martyr's Knell           Necr/Summ      11%        N/A       65%         4
 Olgreb's Toxic Radiance  Alch           11%        N/A       65%         4
 Passage of Golubria      Tloc           11%        N/A       65%         4
 Summon Lightning Spire   Summ/Air       11%        N/A       65%         4
 Vhi's Electric Charge    Tloc/Air       22%        N/A       65%         4
 Alistair's Intoxication  Alch           7%         N/A       94%         5
 Borgnjor's Vile Clutch   Necr/Erth      5%         N/A       94%         5
 Curse of Agony           Necr           11%        N/A       94%         5
 Lee's Rapid Deconstruct  Erth           5%         3d6*      94%         5
 Metabolic Englaciation   Hex/Ice        5%         N/A       94%         5
 Silence                  Hex/Air        5%         N/A       94%         5
 Summon Forest            Summ/Tloc      5%         N/A       94%         5
 Summon Mana Viper        Hex/Summ       11%        N/A       94%         5
 Yara's Violent Unravell  Hex/Alch       5%         3d4       94%         5
 Lehudib's Crystal Spear  Conj/Erth      25%        10d7      99%         8
 Death Channel            Necr           5%         N/A       100%        6
 Eringya's Noxious Bog    Alch           5%         4d6       100%        6
 Permafrost Eruption      Ice/Erth       5%         2x4d3     100%        6
 Sculpt Simulacrum        Ice/Alch       5%         N/A       100%        6
 Summon Cactus Giant      Summ           5%         N/A       100%        6
 Enfeeble                 Hex            5%         N/A       100%        7
 Haunt                    Necr/Summ      5%         N/A       100%        7
 Malign Gateway           Summ/Tloc      5%         N/A       100%        7
 Ozocubu's Refrigeration  Ice            5%         4d8       100%        7
 Borgnjor's Revivificati  Necr           5%         N/A       100%        8
 Discord                  Hex            5%         N/A       100%        8
 Disjunction              Tloc           5%         N/A       100%        8
 Infestation              Necr           5%         N/A       100%        8
 Chain Lightning          Conj/Air       25%        3d33      100%        9
 Death's Door             Necr           5%         N/A       100%        9
 Polar Vortex             Ice            5%         N/A       100%        9
 Shatter                  Erth           5%         3d8*      100%        9

Inventory:

Hand Weapons
 a - the +9 broad axe of Classification (weapon) {flame, rElec Will+ rCorr Int-3}
   (You found it on level 5 of the Pits of Slime)

   Int-3:     It affects your intelligence (-3).
   rElec:     It insulates you from electricity.
   Will+:     It increases your willpower.
   rCorr:     It protects you from acid and corrosion.
 C - the +9 broad axe "Cimnuyt" {flame, rElec rN+}
   (You found it in a Gauntlet)

   rElec:     It insulates you from electricity.
   rN+:       It protects you from negative energy.
Armour
 b - the +6 fire dragon scales of Gallantry {rF++ rC- rN+ Will- Int+5 Slay+6}
   (You bought it in a shop on level 1 of the Depths)

   Int+5:     It affects your intelligence (+5).
   Slay+6:    It affects your accuracy & damage with ranged weapons and melee
   (+6).
   rF++:      It greatly protects you from fire.
   rC-:       It makes you vulnerable to cold.
   rN+:       It protects you from negative energy.
   Will-:     It decreases your willpower.
 q - the +4 dragonskin cloak (worn) {Aegis}
   (You took it off Tiamat on level 3 of the Realm of Zot)

   Avatar's Aegis: It grants the wearer a chance to resist fire, cold, poison,
   electricity, acid, and negative energy.
 w - the +9 plate armour of the Buccaneer (worn) {Harm Dex+3}
   (You bought it in a shop on level 1 of the Vaults)

   Dex+3:     It affects your dexterity (+3).
   Harm:      It increases damage dealt and taken.
 A - a +1 hat of see invisible (worn)
 D - the +2 pair of gloves "Wacruony" (worn) {Rampage rC+ rN+ Int+2}
   (You found it on level 4 of the Spider Nest)

   Int+2:     It affects your intelligence (+2).
   rC+:       It protects you from cold.
   rN+:       It protects you from negative energy.
   Rampage:   It bestows one free step when moving towards enemies.
 E - the +2 pair of boots of Esum (worn) {rF++ Will+}
   (You bought it in a shop on level 1 of the Depths)

   rF++:      It greatly protects you from fire.
   Will+:     It increases your willpower.
 L - the +3 warlock's mirror (worn) {omnireflect}
   (You found it on level 4 of the Depths)

   Omnireflect: It can block and reflect piercing ranged attacks and magical
   attacks against the wielder's willpower.
Jewellery
 c - a ring of protection from cold
 n - the ring "Arrur" {^Drain rElec rF+++ EV+5 Dex-4}
   (You found it in a treasure trove)

   [ring of evasion]

   EV+5:      It affects your evasion (+5).
   Dex-4:     It affects your dexterity (-4).
   rF+++:     It renders you almost immune to fire.
   rElec:     It insulates you from electricity.
   ^Drain:    It drains your maximum health when unequipped.
 s - the ring of Goesicro (left hand) {+Blink rF+ Int-3 Dex+4 Slay+4}
   (You found it in a treasure trove)

   [ring of slaying]

   Int-3:     It affects your intelligence (-3).
   Dex+4:     It affects your dexterity (+4).
   Slay+4:    It affects your accuracy & damage with ranged weapons and melee
   (+4).
   rF+:       It protects you from fire.
   +Blink:    It lets you blink.
 F - a ring of protection from fire
 P - an amulet of reflection (around neck)
 U - the ring "Voanuhim" (right hand) {rC+ Str+3 Int-3 Slay+3}
   (You found it in a Gauntlet)

   [ring of protection from cold]

   Str+3:     It affects your strength (+3).
   Int-3:     It affects your intelligence (-3).
   Slay+3:    It affects your accuracy & damage with ranged weapons and melee
   (+3).
   rC+:       It protects you from cold.
 W - the ring "Qufipug" {^Drain rF++ rN++ Will+}
   (You found it on level 3 of the Crypt)

   [ring of willpower]

   rF++:      It greatly protects you from fire.
   rN++:      It greatly protects you from negative energy.
   Will+:     It increases your willpower.
   ^Drain:    It drains your maximum health when unequipped.
Wands
 m - a wand of charming (51)
 x - a wand of warping (67)
 y - a wand of mindburst (65)
 B - a wand of quicksilver (12)
 K - a wand of flame (199)
 M - a wand of digging (23)
Scrolls
 d - 9 scrolls of silence {!r}
 g - 3 scrolls of revelation
 k - 18 scrolls of teleportation {@r2}
 o - 6 scrolls of fear
 v - 11 scrolls of poison
 J - 7 scrolls of vulnerability
 O - 10 scrolls of butterflies
 T - 5 scrolls of fog
 Z - 2 scrolls of immolation
Potions
 e - 3 potions of cancellation
 h - 4 potions of enlightenment
 i - 5 potions of resistance
 j - 5 potions of haste {@q3}
 l - 7 potions of invisibility
 t - 4 potions of mutation
 u - 6 potions of attraction
 z - 8 potions of brilliance
 G - 4 potions of lignification
 H - 5 potions of magic
 I - 9 potions of heal wounds {@q2}
 N - 19 potions of curing {@q1}
 Q - 4 potions of might
 S - 8 potions of ambrosia
 V - 3 potions of berserk rage {!q}
Miscellaneous
 f - a phial of floods
 r - a phantom mirror
 R - a lightning rod (4/4)
 X - a sack of spiders
 Y - a tin of tremorstones (2/2)

Dungeon Overview and Level Annotations

Branches:
Dungeon (15/15)            Temple (0/1) D:6            Lair (5/5) D:8
 Shoals (4/4) Lair:3       Spider (4/4) Lair:3        Slime (5/5) Lair:5
    Orc (2/2) D:12            Elf (3/3) Orc:2        Vaults (5/5) D:14
  Crypt (3/3) Vaults:3       Tomb (0/3) Crypt:3      Depths (4/4) D:15
    Zot (5/5) Depths:4      Sewer (visited)         Gauntlet (visited)

Altars:
Ashenzari
Gozag
Kikubaaqudgha
Makhleb
Nemelex Xobeh
Ru
Uskayaw
Vehumet
Wu Jian
Yredelemnul
Beogh
Ignis

Shops:
D:4 :   D:12 *   Orc:2 *:[(   Vaults:1 *   Vaults:2 :   Vaults:3 (
Depths:1 [=(=

Portals:
Hell: Depths:1 Depths:2 Depths:3 Depths:4
Abyss: Depths:3 Depths:4
Pandemonium: Depths:2 Depths:4
Ziggurat: Depths:3

Annotations:
Depths:1 4 transporters

...# #.# ########.#####.#
...# #####.###########.#
#.#
...######..............##.#
#.#
.......##..............##.#
#.#
.......##..#######'##..##.#
#.#
.##....##..#........#..##.#
#.#
###....'...#........+..##.#
#.#
#....##..#........#..##.#
#.#
###....##..#....@§.....&..#
#.#
..#....##..#........#..##.#
#..
..#.)..##..+........#.....#
###
.......##..#.......4L..##.#
.......##..##+#######..##.#
..#....##..............##.#
..##'####..............##.#
..##.#############.######.#
..##...###########.######.#


You could see Qen Tent, a lich and a hellwing.


Message History

You feel a surge of power!
The rock shatters into small pieces.
A Qen Tent, a hellwing and a lich come into view.
Unknown command.
Unknown command.
The hellwing gives a chilling moan.
The lich shouts!
Qen Tent hits you but does no damage.
You blink.
The hellwing swoops through the air toward you!
You block the hellwing's attack. x2
The hellwing attacks as it pursues you! You block the hellwing's attack.
The hellwing hits you but does no damage.
Aiming: Dig
Press: ? - help, Shift-Dir - straight line A rock wall.
This square is covered in magical glow.
You feel a surge of power!
The rock shatters into small pieces.
You block Qen Tent's attack.
Qen Tent bursts into living lightning!
The living lightning hits you! You resist.
Qen Tent blinks!
The lich conjures a glowing orb.
The orb of destruction hits a rock wall.
The hellwing closely misses you.
The hellwing hits you but does no damage.
You feel yourself speed up. You block the hellwing's attack.
The hellwing hits you but does no damage.
Unknown command.
There is a staircase leading out of the dungeon here.
Qen Tent bursts into living lightning!
Your +3 warlock's mirror {omnireflect} blocks the living lightning... and reflects it back!
Qen Tent blinks!
You have escaped!

Skill      XL: |  1  2  3  4  5  6  7  8  9 10 11 12 13 14 15 16 17 18 19 20 21 22 23 24 25 26 27 |
---------------+----------------------------------------------------------------------------------+-----
Armour         | 1 2 3 4 5 7 8 9 11 12 13 14 15 16 17 18 19 26 | 26.5
Fire Magic     | 4 5 6 7 8 9 11 12 13 15 16 17 18 19 20 24 25 26 27 | 27.0
Axes           | 4 5 6 7 8 9 11 12 13 14 16 17 18 19 | 19.4
Fighting       | 4 5 6 7 9 10 11 12 13 14 15 16 17 18 19 | 19.0
Spellcasting   | 2 3 4 5 6 7 9 11 13 | 13.4
Shields        | 4 7 9 10 12 13 14 15 16 17 | 17.0
Dodging        | 2 5 6 7 |  7.1
Evocations     | 5 8 |  8.0
Conjurations   | 4 11 17 23 | 23.3

Action                     |  1- 3 |  4- 6 |  7- 9 | 10-12 | 13-15 | 16-18 | 19-21 | 22-24 | 25-27 || total
---------------------------+-------+-------+-------+-------+-------+-------+-------+-------+-------++-------
  Melee: Hand axe          |   105 |   142 |    58 |       |       |       |       |       |       ||   305
         Whip              |       |       |   198 |   453 |   533 |       |   213 |    55 |       ||  1452
         Headbutt          |       |       |       |    58 |   317 |   363 |   254 |   184 |   582 ||  1758
         Broad axe         |       |       |       |       |   831 |  1469 |   819 |   463 |  1731 ||  5313
   Cast: Scorch            |    11 |    61 |    50 |   281 |   451 |   510 |     6 |     2 |       ||  1372
         Ignition          |       |       |       |       |       |       |   137 |   105 |   429 ||   671
  Evoke: Wand              |       |       |     1 |    23 |     1 |     3 |       |       |     5 ||    33
         Phantom mirror    |       |       |       |       |     1 |       |       |       |     1 ||     2
    Use: Scroll            |       |     8 |       |    16 |     6 |    12 |     4 |     2 |    16 ||    64
         Potion            |       |       |       |     9 |     5 |     7 |     1 |     3 |    16 ||    41
   Stab: Petrified         |       |       |       |     6 |       |       |       |       |       ||     6
         Invisible         |       |       |       |       |     1 |       |       |       |       ||     1
         Distracted        |       |       |       |       |       |       |       |     1 |     1 ||     2
 Armour: Robe              |    30 |       |       |       |       |       |       |       |       ||    30
         Chain mail        |    55 |   133 |   240 |   777 |   177 |       |       |       |       ||  1382
         Plate armour      |       |       |       |       |  1476 |  2140 |   697 |    27 |   375 ||  4715
         Fire dragon scale |       |       |       |       |       |       |       |   359 |  1154 ||  1513
  Dodge: Dodged            |    48 |    51 |    81 |   237 |   371 |   490 |   180 |   123 |   469 ||  2050
  Block: Kite shield       |       |       |       |    88 |   778 |  1546 |   653 |   371 |       ||  3436
         Reflection        |       |       |       |       |       |    80 |    70 |     8 |   142 ||   300
         Buckler           |       |       |       |       |       |       |       |       |  1157 ||  1157

Levels and vault maps discovered:
D:1:      lemuel_arrival_room, layout_basic
D:2:      layout_rooms, dreamdust_ecumenical_altar_grove,
          grunt_decor_one_mirror, st_stairs_11
D:3:      layout_rooms, lightli_temple_of_fire,
          mainiacjoe_sewer_entry_somewhere_in_here_1, minivault_14,
          nicolae_concentric_dashed_squares_wild
D:4:      nicolae_BIG_FREAKIN_CUBE, layout_loops_ring,
          mainiacjoe_overflow_tiny_flanked, serial_shops,
          nicolae_take_the_stairs, grunt_ministairs_8
D:5:      layout_loops_cross, minmay_manual_mess
D:6:      layout_basic, minmay_temple_entry_trees, nicolae_elevator_lobby_plus,
          uniq_eustachio
D:7:      layout_loops_corners, supply_closet_lemuel, uniq_pikel
D:8:      layout_loops_ring, minmay_lair_entry_grove, uniq_psyche
D:9:      layout_cave_pools, mainiacjoe_overflow_catwalk,
          nicolae_uskayaw_dance_hall, mainiacjoe_overflow_small_starburst,
          amethyst_overflow_temple_binary, minmay_statue_bubble
D:10:     layout_rooms, uniq_snorg
D:11:     lemuel_slime, layout_basic
D:12:     layout_loops_ring, erik_orc_2, ebering_ghost_reflecting_pool,
          serial_shops, shop, hellmonk_guarded_unrand_vines, uniq_gastronok
D:13:     layout_gridville
D:14:     layout_long_grid, hellmonk_vaults_keyhole,
          ashenzari_conservatory_becter
D:15:     hangedman_depths_entry_try_elsewhere_first, layout_small_grid,
          chequers_serial_rivers_room_b, columned_hall_lemuel,
          serial_park_tiny_2
Lair:1:   layout_layer_cave
Lair:2:   layout_big_grid, infiniplex_staircase_pool_2, grunt_megastairs_2
Lair:3:   layout_loops_ring, elwin_shoals_entry_rocks,
          nicolae_spider_entry_tight_spaces, grunt_megastairs_5
Lair:4:   layout_cellular_growth, basic_altar, gauntlet_entry_generic,
          minmay_holes, serial_bayou_shore_a, uniq_nessos
Lair:5:   wormcave, layout_cave_pods, guppyfry_lair_end_dragon, slime_entry_1,
          chequers_serial_rivers_small_a
Shoals:1: layout_shoals
Shoals:2: layout_shoals, nicolae_shoals_former_cling_halls, uniq_mlioglotl,
          uniq_polyphemus, uniq_louise
Shoals:3: nicolae_shoals_aurelia_aurita, layout_shoals
Shoals:4: shoals_end_hellmonk_lost_city
Spider:1: layout_spider_delve
Spider:2: layout_spider_delve, drop_trap, nicolae_spider_circle_web
Spider:3: layout_spider_delve, hellmonk_ghost_happy_afterlife
Spider:4: hellmonk_spider_rune_endless_swarm, hangedman_spider_mandibles
Slime:1:  layout_caves
Slime:2:  layout_caves, special_room [special_room_jelly]
Slime:3:  layout_caves, nicolae_slime_crime_time
Slime:4:  layout_caves
Slime:5:  slime_pit_nicolae_block_by_block
Orc:1:    layout_diamond_mine, uniq_jorgrun
Orc:2:    grunt_orc_community_town_hall, layout_caves,
          grunt_orc_community_big_house_1, grunt_orc_community_big_house_1,
          grunt_orc_community_house_2, grunt_orc_community_house_2,
          grunt_orc_community_house_1, grunt_orc_community_house_3,
          gammafunk_ghost_necromancy
Elf:1:    eino_elf_arrival_the_gate, layout_gridlike, minmay_elf_demonology,
          uniq_donald
Elf:2:    nicolae_elf_blades_crystal_corner, layout_gridlike, basic_altar
Elf:3:    grunt_elf_hall_asides, layout_geoelf_castle
Vaults:1: nicolae_vaults_little_squares_6, nicolae_vaults_meeting, v_misc_1,
          nicolae_vaults_variable_pillar_hall, v_rooms_6,
          nicolae_vaults_turnstiles, nicolae_vaults_big_ls,
          nicolae_vaults_little_squares_1, nicolae_vaults_little_squares_2,
          vaults_mumra_chevron, hangedman_vaults_capsules, v_misc_25,
          vaults_room_pools, layout_vaults_omnibox, serial_shops, shop,
          uniq_asterion
Vaults:2: nicolae_vaults_steering_wheel, v_misc_27, v_misc_8,
          nicolae_vaults_tangram_1, ontoclasm_vaults_misaligned, v_misc_4,
          vaults_room_mumra_shop_pool, nicolae_vaults_storage_room_water,
          v_alt_pattern_2, nicolae_vaults_little_squares_3,
          nicolae_vaults_border_crossing,
          minmay_guarded_unrand_secular_launcher, nicolae_vaults_tetromino_L_1,
          layout_vaults_omnicross
Vaults:3: v_alt_pattern_6, nicolae_vaults_security_offices_3,
          hangedman_vaults_river_flow, ontoclasm_vaults_pinch,
          minmay_crypt_entry_simple_box, ontoclasm_vaults_spin,
          nicolae_vaults_tetromino_Z_1, layout_vaults_omnigrid, serial_shops,
          shop, enter_trove_3
Vaults:4: v_rooms_1, nicolae_vaults_three_branches, v_misc_25, v_misc_16,
          vaults_room_ringed_pool, hangedman_vaults_hat,
          nicolae_vaults_closet_pinwheel_5, ontoclasm_vaults_idyll,
          vaults_dpeg_ring, layout_vaults_ring
Vaults:5
Crypt:1:  layout_regular_city, grunt_crypt_arrival_split
Crypt:2:  layout_catacombs
Crypt:3:  evilmike_haunted_forest, uniq_jory, uniq_bai_suzhen
Depths:1: layout_cave_pools, hell_entry, minmay_strange_pillars, hex_tiny,
          nicolae_transporter_intersection, firewood_loft, minmay_shoptagon,
          serial_bayou_shore_b
Depths:2: dreamdust_isle_of_ice, layout_gridville, rand_demon_pan_entry_7,
          kiku_gazebo_garden_becter, grunt_hell_entry_dis_grunt
Depths:3: constructs_gauntlet_mu_hangedman, layout_basic, enter_ziggurat_e,
          abyss_entry, hell_entry, minmay_staircase_bubble
Depths:4: hangedman_slaughterboxes, hell_entry, pan_entry, abyss_entry
Zot:1:    kennysheep_bubbly, layout_cathedral_of_symmetry
Zot:2:    regret_index_infernal_bastille, layout_misc_corridors,
          st_single_dragon_hoard_3, nicolae_rock_paper_scissors
Zot:3:    layout_gridville, regret_index_zotdec_silver_v_v_loose, uniq_tiamat,
          uniq_josephina
Zot:4:    layout_gridlike
Zot:5:    layout_misc_corridors, skrybe_zot_glass_3

Notes
Turn   | Place    | Note
-------+----------+-------------------------------------------
     0 | D:1      | cforsyth the Mountain Dwarf Cinder Acolyte began the quest
                  | for the Orb.
     0 | D:1      | Reached XP level 1. HP: 19/19 MP: 2/2
   393 | D:1      | Reached XP level 2. HP: 23/26 MP: 3/3
   396 | D:1      | Learned a level 2 spell: Scorch
   861 | D:1      | Reached skill level 1 in Armour
  1049 | D:2      | Reached skill level 4 in Fire Magic
  1143 | D:2      | Reached skill level 4 in Axes
  1143 | D:2      | Reached XP level 3. HP: 31/31 MP: 1/5
  1258 | D:2      | Found a faded altar of an unknown god.
  1565 | D:2      | Reached XP level 4. HP: 33/40 MP: 1/6
  1981 | D:3      | Identified 2 potions of resistance
  2088 | D:3      | Found a glowing drain.
  2095 | Sewer    | Entered a sewer
  2142 | Sewer    | Reached skill level 4 in Fighting
  2142 | Sewer    | Reached skill level 2 in Armour
  2168 | Sewer    | Reached XP level 5. HP: 46/46 MP: 1/7
  2252 | Sewer    | Reached skill level 2 in Spellcasting
  2593 | Sewer    | Found a viscous altar of Jiyva.
  2669 | D:3      | Reached XP level 6. HP: 53/53 MP: 2/9
  3037 | D:3      | Found a burning altar of Makhleb.
  3380 | D:3      | Reached skill level 5 in Axes
  3380 | D:3      | Reached skill level 3 in Armour
  3380 | D:3      | Reached skill level 5 in Fire Magic
  3685 | D:4      | Found Onuxiss's Book Shop.
  3804 | D:4      | Found a sparkling altar of Nemelex Xobeh.
  3874 | D:4      | Identified the +1 hand axe "Fuczaw" {flame, rElec rPois
                  | Will- Int+3}
  4508 | D:5      | Entered Level 5 of the Dungeon
  4534 | D:5      | Reached XP level 7. HP: 60/60 MP: 4/11
  4600 | D:4      | Reached skill level 5 in Fighting
  4801 | D:5      | Reached skill level 3 in Spellcasting
  5236 | D:5      | Reached skill level 4 in Armour
  5406 | D:5      | Identified the +11 whip of Infinite Pain {elec, +Blink rF+}
  5569 | D:5      | Reached skill level 6 in Fire Magic
  5722 | D:6      | Reached skill level 6 in Axes
  5722 | D:6      | Reached XP level 8. HP: 70/70 MP: 13/13
  5952 | D:6      | Reached skill level 6 in Fighting
  6102 | D:6      | Reached skill level 5 in Armour
  6113 | D:6      | Reached skill level 4 in Spellcasting
  6119 | D:6      | Noticed Eustachio
  6223 | D:6      | Killed Eustachio
  6258 | D:6      | Reached skill level 7 in Fire Magic
  6454 | D:5      | Reached skill level 7 in Axes
  6683 | D:6      | Found a staircase to the Ecumenical Temple.
  6783 | D:6      | Reached XP level 9. HP: 40/78 MP: 15/15
  7637 | D:7      | Reached skill level 6 in Armour
  7759 | D:7      | Reached skill level 7 in Fighting
  8146 | D:7      | Noticed Pikel
  8183 | D:6      | Killed Pikel
  8184 | D:6      | Reached skill level 5 in Spellcasting
  8184 | D:6      | Reached skill level 8 in Fire Magic
  8301 | D:7      | Reached skill level 8 in Axes
  8906 | D:8      | Reached skill level 7 in Armour
  8906 | D:8      | Reached XP level 10. HP: 66/88 MP: 18/18
  9218 | D:8      | Noticed Psyche
  9225 | D:8      | Killed Psyche
  9226 | D:8      | Reached skill level 8 in Fighting
  9535 | D:8      | Found a staircase to the Lair.
 10022 | D:8      | Reached skill level 9 in Fire Magic
 10341 | D:9      | Found an opulent altar of Gozag.
 10343 | D:9      | Noticed an orange crystal statue
 10384 | D:8      | Reached skill level 9 in Axes
 10586 | D:8      | Reached skill level 6 in Spellcasting
 10674 | D:8      | HP: 7/88 [killer bee (7)]
 11269 | D:9      | Reached skill level 8 in Armour
 11473 | D:9      | Reached skill level 9 in Fighting
 11564 | D:9      | HP: 9/90 [kobold/+2 dagger of draining (1)]
 11569 | D:8      | HP: 4/85 [kobold/+2 dagger of draining (3)]
 11572 | D:8      | Gained mutation: You are occasionally teleported next to
                  | monsters. [potion of mutation]
 11572 | D:8      | Gained mutation: You have supernaturally acute eyesight.
                  | (SInv) [potion of mutation]
 11572 | D:8      | Gained mutation: Your spells are a little harder to cast,
                  | but a little more powerful. [potion of mutation]
 11574 | D:8      | HP: 4/78 [kobold/+0 whip (1)]
 12042 | D:9      | Found a hide-covered altar of Uskayaw.
 12221 | D:8      | Reached XP level 11. HP: 52/88 MP: 16/20
 12511 | D:9      | Found an ornate altar of the Wu Jian Council.
 12511 | D:9      | Noticed a two-headed ogre
 12516 | D:9      | Killed a two-headed ogre
 12517 | D:9      | Reached skill level 10 in Fire Magic
 12560 | D:9      | Found a basalt altar of Yredelemnul.
 12628 | D:9      | Found a radiant altar of Vehumet.
 12730 | D:10     | Entered Level 10 of the Dungeon
 12730 | D:10     | Noticed Snorg
 12957 | D:9      | Lost mutation: You are occasionally teleported next to
                  | monsters. [potion of mutation]
 12957 | D:9      | Lost mutation: Your spells are a little harder to cast, but
                  | a little more powerful. [potion of mutation]
 12957 | D:9      | Lost mutation: You have supernaturally acute eyesight.
                  | (SInv) [potion of mutation]
 12957 | D:9      | Gained mutation: Your body sometimes deteriorates upon
                  | taking damage. [potion of mutation]
 12957 | D:9      | Gained mutation: You occasionally lose the ability to drink
                  | potions when taking damage. [potion of mutation]
 12957 | D:9      | Gained mutation: You have sharp toenails. [potion of
                  | mutation]
 12957 | D:9      | Gained mutation: Your system is resistant to poisons.
                  | (rPois) [potion of mutation]
 12958 | D:9      | Lost mutation: Your system is resistant to poisons. (rPois)
                  | [potion of mutation]
 12958 | D:9      | Lost mutation: You occasionally lose the ability to drink
                  | potions when taking damage. [potion of mutation]
 12958 | D:9      | Lost mutation: You have sharp toenails. [potion of
                  | mutation]
 12958 | D:9      | Gained mutation: Your system is resistant to poisons.
                  | (rPois) [potion of mutation]
 12958 | D:9      | Gained mutation: You are partially covered in large bone
                  | plates. (SH +4) [potion of mutation]
 12958 | D:9      | Gained mutation: You are agile. (Dex +4, Str/Int -1)
                  | [potion of mutation]
 12958 | D:9      | Gained mutation: You have a pair of small horns on your
                  | head. [potion of mutation]
 12959 | D:9      | Lost mutation: You are partially covered in large bone
                  | plates. (SH +4) [potion of mutation]
 12959 | D:9      | Lost mutation: You are agile. (Dex +4, Str/Int -1) [potion
                  | of mutation]
 12959 | D:9      | Gained mutation: Your natural rate of healing is unusually
                  | fast. [potion of mutation]
 12962 | D:10     | Noticed a two-headed ogre
 12969 | D:9      | Reached skill level 10 in Axes
 13278 | D:10     | Killed a two-headed ogre
 13877 | D:10     | Got Sif Muna's Handbook of Crysopoeia and Bewitchment
 13887 | D:10     | Identified a +2 robe of resistance
 14274 | D:11     | Noticed a two-headed ogre
 14298 | D:11     | Killed a two-headed ogre
 14368 | D:11     | Reached skill level 9 in Armour
 15066 | D:11     | Noticed an oklob plant
 15603 | D:11     | Reached skill level 7 in Spellcasting
 15767 | D:11     | Noticed a two-headed ogre
 15996 | D:11     | Killed a two-headed ogre
 15997 | D:11     | Reached skill level 10 in Fighting
 16244 | D:12     | Noticed Gastronok
 16285 | D:12     | Killed Gastronok
 16286 | D:12     | Reached skill level 11 in Axes
 16286 | D:12     | Reached skill level 11 in Fire Magic
 16374 | D:12     | Noticed an eight-headed hydra
 16420 | D:12     | Killed an eight-headed hydra
 16488 | D:12     | Found the +1 robe of Vines {NoPotionHeal Regen++++}
 16522 | D:11     | Reached XP level 12. HP: 40/107 MP: 22/22
 16729 | D:12     | Noticed a boulder beetle
 16899 | Lair:1   | Entered Level 1 of the Lair of Beasts
 16905 | Lair:1   | Reached skill level 10 in Armour
 16989 | Lair:1   | Reached skill level 1 in Shields
 17399 | Lair:1   | Reached skill level 2 in Shields
 18383 | Lair:1   | Reached skill level 11 in Fighting
 18692 | Lair:2   | Noticed a four-headed hydra
 18759 | Lair:2   | Reached skill level 3 in Shields
 18935 | Lair:2   | Reached skill level 12 in Fire Magic
 18942 | Lair:2   | Reached skill level 12 in Axes
 19149 | Lair:2   | Noticed an eight-headed hydra
 19164 | Lair:2   | Killed an eight-headed hydra
 19451 | Lair:2   | Killed a four-headed hydra
 19452 | Lair:2   | Reached skill level 4 in Shields
 19531 | Lair:2   | Noticed a catoblepas
 19798 | Lair:2   | Killed a catoblepas
 20136 | Lair:3   | Reached skill level 11 in Armour
 20744 | Lair:3   | Reached XP level 13. HP: 117/117 MP: 23/23
 20972 | Lair:3   | Reached skill level 5 in Shields
 21086 | Lair:3   | Found a hole to the Spider Nest.
 21713 | Lair:3   | Found a staircase to the Shoals.
 22052 | Lair:4   | Reached skill level 12 in Fighting
 22164 | Lair:4   | Found a gate leading to a gauntlet.
 22191 | Lair:4   | Found an ornate altar of the Wu Jian Council.
 22229 | Gauntlet | Entered a Gauntlet
 22229 | Gauntlet | Found a transporter.
 22229 | Gauntlet | Found a transporter.
 22229 | Gauntlet | Found a transporter.
 22278 | Gauntlet | Found a transporter.
 22281 | Gauntlet | Found a transporter.
 22292 | Gauntlet | Found a transporter.
 22297 | Gauntlet | Found a transporter.
 22300 | Gauntlet | Found a transporter.
 22318 | Gauntlet | Found a transporter.
 22335 | Gauntlet | Found a transporter.
 22338 | Gauntlet | Found a transporter.
 22348 | Gauntlet | Found a transporter.
 22488 | Gauntlet | Reached skill level 13 in Axes
 22488 | Gauntlet | Reached skill level 13 in Fire Magic
 22523 | Gauntlet | Identified the ring "Voanuhim" {rC+ Str+3 Int-3 Slay+3}
 22591 | Gauntlet | Identified the -2 cloak of Beauty {Stlth+}
 22595 | Gauntlet | Identified the +1 broad axe "Cimnuyt" {flame, rElec rN+}
 22609 | Gauntlet | Identified the +0 orcbow of Success {heavy, *Slow Will+
                  | rCorr Str+3}
 22609 | Gauntlet | Noticed a minotaur
 22619 | Gauntlet | Killed a minotaur
 22620 | Gauntlet | Reached skill level 6 in Shields
 22648 | Gauntlet | Got the Directory of Wintry Malisons
 23165 | Lair:4   | Noticed Nessos
 23219 | Lair:4   | Killed Nessos
 23342 | Lair:4   | Reached skill level 12 in Armour
 24046 | Lair:5   | Entered Level 5 of the Lair of Beasts
 24164 | Lair:5   | Reached skill level 7 in Shields
 24486 | Lair:5   | Reached XP level 14. HP: 116/127 MP: 24/24
 25343 | Lair:5   | Reached skill level 13 in Fighting
 25352 | Lair:5   | Reached skill level 14 in Axes
 25352 | Lair:5   | Reached skill level 14 in Fire Magic
 25630 | Lair:5   | Paralysed by a hornet for 1 turns
 25672 | Lair:5   | Reached skill level 8 in Shields
 26012 | Lair:5   | Found a staircase to the Slime Pits.
 26954 | D:10     | Killed Snorg
 27144 | D:12     | Found Rotosun's Assorted Antiques.
 27152 | D:12     | Bought a golden potion for 27 gold pieces
 27152 | D:12     | Bought a clear potion for 27 gold pieces
 27365 | D:12     | Reached skill level 13 in Armour
 28281 | D:12     | Found a staircase to the Orcish Mines.
 28553 | D:12     | Found a runed translucent door.
 28776 | D:12     | Noticed Sun Gecaam's ghost (journeyman DEHW)
 28792 | D:12     | Killed Sun Gecaam's ghost
 28802 | D:12     | Identified the ring "Hanutamp" {rPois rF- rC- Int+6 Dex+7}
 29772 | D:13     | Reached skill level 9 in Shields
 30965 | Orc:1    | Entered Level 1 of the Orcish Mines
 31251 | Orc:1    | Paralysed by an orc sorcerer for 4 turns
 31384 | Orc:1    | Noticed Jorgrun
 31424 | Orc:1    | Killed Jorgrun
 31425 | Orc:1    | Reached skill level 15 in Fire Magic
 31425 | Orc:1    | Reached XP level 15. HP: 121/137 MP: 0/25
 31870 | Orc:2    | Entered Level 2 of the Orcish Mines
 31888 | Orc:2    | Reached skill level 15 in Axes
 31918 | Orc:2    | Found a staircase to the Elven Halls.
 31970 | Orc:2    | Found a runed translucent gate.
 31972 | Orc:2    | Found a runed translucent gate.
 31977 | Orc:2    | Found a runed translucent gate.
 31979 | Orc:2    | Noticed croobank's ghost (adept HuSu)
 32300 | Orc:2    | Reached skill level 14 in Fighting
 32435 | Orc:2    | Found a roughly hewn altar of Beogh.
 32828 | Orc:2    | Found a roughly hewn altar of Beogh.
 32954 | Orc:2    | Found a roughly hewn altar of Beogh.
 33022 | Orc:2    | Found a roughly hewn altar of Beogh.
 33095 | Orc:2    | Found a roughly hewn altar of Beogh.
 33096 | Orc:2    | Found Lyp Jiru's Book Emporium.
 33235 | Orc:2    | Found Callot's Assorted Antiques.
 33331 | Orc:2    | Found Imoste Lora's Antique Armour Emporium.
 33332 | Orc:2    | Found a roughly hewn altar of Beogh.
 33341 | Orc:2    | Found Piubeace's Antique Weapon Shoppe.
 33443 | Orc:2    | Killed croobank's ghost
 33866 | Orc:1    | Reached skill level 10 in Shields
 34263 | D:14     | Reached skill level 14 in Armour
 34794 | D:14     | Found a broken altar of Ashenzari.
 35468 | D:14     | Identified the +9 falchion "Zibaat Uham" {heavy, rElec
                  | rN+++ Str-2 Dex-5}
 36036 | D:14     | Found a gate to the Vaults.
 36354 | D:15     | Entered Level 15 of the Dungeon
 36563 | D:14     | Reached skill level 16 in Fire Magic
 36696 | D:14     | Reached skill level 16 in Axes
 37163 | D:15     | Found a staircase to the Depths.
 37172 | D:15     | Reached XP level 16. HP: 142/147 MP: 24/26
 37179 | D:15     | Reached skill level 11 in Shields
 37367 | D:14     | Reached skill level 15 in Fighting
 38659 | Spider:1 | Entered Level 1 of the Spider Nest
 39190 | Spider:1 | Reached skill level 15 in Armour
 40723 | Spider:1 | Reached skill level 12 in Shields
 41158 | Spider:1 | Reached skill level 17 in Fire Magic
 41344 | Spider:1 | Reached skill level 17 in Axes
 41665 | Spider:2 | You fall into a shaft and drop 1 floor!
 41693 | Spider:3 | Reached skill level 1 in Dodging
 42124 | Spider:3 | Found a runed translucent door.
 42124 | Spider:3 | Noticed AutarchDCSS's ghost (adept DrFi)
 42145 | Spider:3 | Reached skill level 2 in Dodging
 42150 | Spider:3 | Reached XP level 17. HP: 125/158 MP: 27/27
 42367 | Spider:3 | Reached skill level 16 in Fighting
 42931 | Spider:2 | Reached skill level 3 in Dodging
 43368 | Spider:4 | Entered Level 4 of the Spider Nest
 44256 | Spider:4 | Reached skill level 4 in Dodging
 44680 | Spider:4 | Reached skill level 16 in Armour
 45857 | Spider:4 | Reached skill level 5 in Dodging
 45977 | Spider:4 | Got a gossamer rune of Zot
 45986 | Spider:4 | Identified the +1 pair of gloves "Wacruony" {Rampage rC+
                  | rN+ Int+2}
 46000 | Spider:4 | Identified the +0 pair of boots "Xucerch" {rPois}
 46266 | Shoals:1 | Entered Level 1 of the Shoals
 46467 | Shoals:1 | Reached skill level 13 in Shields
 48578 | Shoals:2 | Noticed Mlioglotl
 48581 | Shoals:2 | Noticed a bone dragon
 48663 | Shoals:3 | Killed Mlioglotl
 48664 | Shoals:3 | Reached skill level 18 in Fire Magic
 48835 | Shoals:2 | Reached skill level 18 in Axes
 49180 | Shoals:2 | Noticed Louise
 49201 | Shoals:2 | Killed Louise
 49202 | Shoals:2 | Reached XP level 18. HP: 161/168 MP: 28/28
 49214 | Shoals:2 | Noticed Polyphemus
 49239 | Shoals:2 | Killed Polyphemus
 49401 | Shoals:2 | Reached skill level 6 in Dodging
 50614 | Shoals:4 | Entered Level 4 of the Shoals
 51258 | Shoals:4 | Reached skill level 17 in Fighting
 52318 | Shoals:4 | Reached skill level 17 in Armour
 52533 | Shoals:4 | Reached skill level 14 in Shields
 53237 | Shoals:4 | Got a barnacled rune of Zot
 53553 | Vaults:1 | Entered Level 1 of the Vaults
 53994 | Vaults:1 | Paralysed by a formless jellyfish for 1 turns
 54088 | Vaults:1 | Reached skill level 19 in Axes
 54092 | Vaults:1 | Reached skill level 19 in Fire Magic
 54304 | Vaults:1 | Reached XP level 19. HP: 129/177 MP: 29/29
 54485 | Vaults:1 | Found Famo's Assorted Antiques.
 54492 | Vaults:1 | Bought a brightly glowing plate armour for 504 gold pieces
 54492 | Vaults:1 | Identified the +9 plate armour of the Buccaneer {Harm
                  | Dex+3} (You bought it in a shop on level 1 of the Vaults)
 54558 | Vaults:1 | Noticed Asterion
 54572 | Vaults:1 | Killed Asterion
 54775 | Vaults:1 | Reached skill level 18 in Fighting
 54860 | Vaults:1 | Got the Tome of the Fulgurous Familiar
 55278 | Vaults:1 | Reached skill level 15 in Shields
 55366 | Vaults:1 | Reached skill level 18 in Armour
 55705 | Vaults:2 | Reached skill level 20 in Fire Magic
 55972 | Vaults:2 | Found Vebb's Book Shoppe.
 56227 | Vaults:2 | Reached XP level 20. HP: 95/189 MP: 30/30
 56238 | Vaults:2 | Learned a level 8 spell: Ignition
 56418 | Vaults:2 | Reached skill level 19 in Fighting
 56776 | Vaults:2 | Found the +27 heavy crossbow "Sniper" {heavy, Acc+∞ SInv}
 56812 | Vaults:2 | Reached skill level 21 in Fire Magic
 56821 | Vaults:2 | Got the Directory of the Fairies and Vitriol
 57522 | Vaults:3 | Found a staircase to the Crypt.
 57783 | Vaults:3 | Found a portal to a secret trove of treasure.
 58103 | Vaults:3 | Found Vimn's Antique Weapon Shop.
 58253 | Vaults:3 | Found the +6 lightning scales {swift, rElec}
 58264 | Vaults:3 | Reached skill level 22 in Fire Magic
 59065 | Vaults:4 | Reached skill level 23 in Fire Magic
 60102 | Elf:1    | Entered Level 1 of the Elven Halls
 60117 | Elf:1    | Paralysed by an air elemental for 1 turns
 60646 | Elf:1    | Noticed Donald
 60650 | Elf:1    | Reached skill level 24 in Fire Magic
 60656 | Elf:1    | Killed Donald
 60802 | Elf:1    | Got Jija's Monograph on the Swarm
 60983 | Elf:1    | Reached XP level 21. HP: 198/198 MP: 24/31
 61247 | Elf:1    | Paralysed by an air elemental for 1 turns
 62150 | Elf:2    | Identified the +0 ring mail of Jokeuh {rC+ MP+9 Slay+3}
 62214 | Elf:2    | Paralysed by an air elemental for 1 turns
 62348 | Elf:2    | Found a runed translucent gate.
 62349 | Elf:2    | Found a runed translucent gate.
 62349 | Elf:2    | Found a runed translucent gate.
 62670 | Elf:2    | Found an ancient bone altar of Kikubaaqudgha.
 62772 | Elf:2    | Reached skill level 8 in Spellcasting
 63700 | Elf:2    | Reached skill level 25 in Fire Magic
 64404 | Vaults:3 | You paid a toll of 5 scrolls of fog to enter a treasure
                  | trove
 64405 | Trove    | Entered a treasure trove
 64428 | Trove    | Identified the +6 scale mail of Action {rF+ Dex+7}
 64429 | Trove    | Identified the ring "Arrur" {^Drain rElec rF+++ EV+5 Dex-4}
 64438 | Trove    | Identified the +3 spear of Teyr {flame, rC+ Str+3}
 64439 | Trove    | Identified the ring of Goesicro {+Blink rF+ Int-3 Dex+4
                  | Slay+4}
 64804 | Elf:3    | Entered Level 3 of the Elven Halls
 64878 | Elf:3    | Reached skill level 1 in Evocations
 65253 | Elf:3    | Reached skill level 2 in Evocations
 65633 | Elf:3    | Reached skill level 9 in Spellcasting
 65633 | Elf:3    | Reached skill level 3 in Evocations
 65923 | Elf:3    | Identified the +7 dire flail "Kefen" {flame, rC+ Dex+6}
 65936 | Elf:3    | Identified the +7 quarterstaff of the Morning {flame, rN+}
 66072 | Elf:3    | Reached skill level 4 in Evocations
 66603 | Elf:3    | Identified the +1 leather armour of Integrity {rElec
                  | Will++}
 66787 | Elf:3    | Got the Guide on Voltaic Ice
 66790 | Elf:3    | Identified the +2 mace "Funtaklo" {flame, +Blink Str+3}
 66806 | Elf:3    | Got Sif Muna's Book of Sanguinary Burning
 67448 | Depths:1 | Entered Level 1 of the Depths
 67448 | Depths:1 | Found a gateway to Hell.
 67463 | D:15     | Reached skill level 5 in Evocations
 67929 | Depths:1 | Reached skill level 16 in Shields
 68144 | Depths:1 | Reached XP level 22. HP: 205/205 MP: 6/35
 68657 | Depths:1 | Reached skill level 6 in Evocations
 68795 | Depths:1 | Found a transporter.
 68824 | Depths:1 | Found a transporter.
 68954 | Depths:1 | Found Ulajidd's Antique Weapon Emporium.
 68956 | Depths:1 | Found Teitwam's Jewellery Emporium.
 68956 | Depths:1 | Found Medghaas's Antique Armour Shoppe.
 68961 | Depths:1 | Found Umexytia's Jewellery Shoppe.
 68970 | Depths:1 | Bought dazzling fire dragon scales for 2275 gold pieces
 68970 | Depths:1 | Identified the +6 fire dragon scales of Gallantry {rF++ rC-
                  | rN+ Will- Int+5 Slay+6} (You bought it in a shop on level 1
                  | of the Depths)
 68970 | Depths:1 | Bought a pair of brightly glowing boots for 332 gold pieces
 68970 | Depths:1 | Identified the +0 pair of boots of Esum {rF++ Will+} (You
                  | bought it in a shop on level 1 of the Depths)
 69096 | Depths:1 | Identified the +4 glaive of the Coin {drain, Int+4 Dex+3}
 69144 | Depths:1 | Found a transporter.
 69197 | Depths:1 | Found a transporter.
 69406 | Depths:1 | Reached skill level 10 in Spellcasting
 70446 | Depths:2 | Reached skill level 7 in Evocations
 70501 | Depths:2 | Reached skill level 26 in Fire Magic
 70641 | Depths:2 | Found a one-way gate leading to the halls of Pandemonium.
 70727 | Depths:2 | Found an ancient bone altar of Kikubaaqudgha.
 71538 | Depths:2 | Identified the +4 mace "Cioj" {heavy, rC+ Int+2}
 72484 | Depths:3 | Found a one-way gate to the infinite horrors of the Abyss.
 72648 | Depths:3 | Found a one-way gateway to a ziggurat.
 73157 | Depths:4 | Entered Level 4 of the Depths
 73168 | Depths:4 | Reached skill level 17 in Shields
 73363 | Depths:4 | Noticed a juggernaut
 73373 | Depths:4 | Killed a juggernaut
 73503 | Depths:4 | Found a basalt altar of Yredelemnul.
 73504 | Depths:4 | Found a sacrificial altar of Ru.
 73505 | Depths:4 | Found a basalt altar of Yredelemnul.
 73521 | Depths:4 | Reached skill level 11 in Spellcasting
 73665 | Depths:4 | Reached skill level 8 in Evocations
 73747 | Depths:4 | Found a gate to the Realm of Zot.
 74251 | Depths:4 | Noticed a juggernaut
 74261 | Depths:4 | Killed a juggernaut
 74262 | Depths:4 | Reached XP level 23. HP: 44/213 MP: 27/38
 74590 | Depths:4 | Reached skill level 27 in Fire Magic
 74597 | Depths:4 | Reached skill level 12 in Spellcasting
 74759 | Depths:4 | Noticed a caustic shrike
 74766 | Depths:4 | Killed a caustic shrike
 74855 | Depths:4 | Noticed a caustic shrike
 74861 | Depths:4 | Killed a caustic shrike
 74882 | Depths:4 | Noticed a juggernaut
 74891 | Depths:4 | Killed a juggernaut
 74892 | Depths:4 | Reached skill level 13 in Spellcasting
 75003 | Depths:4 | Found the +3 warlock's mirror {omnireflect}
 75144 | Depths:4 | Identified 2 potions of experience
 75144 | Depths:4 | Found the +3 robe of Clouds {*Thunder rCloud rElec}
 75238 | Depths:4 | Identified the +1 plate armour of Indomitability {rPois
                  | Dex+4}
 75265 | Depths:4 | Got the Secrets of the Wyrd and Convocation
 75300 | Depths:4 | Reached skill level 19 in Armour
 75300 | Depths:4 | Reached skill level 7 in Dodging
 75300 | Depths:4 | Reached XP level 24. HP: 221/221 MP: 40/40
 75301 | Depths:4 | Reached skill level 4 in Conjurations
 75301 | Depths:4 | Reached XP level 25. HP: 227/227 MP: 40/40
 75310 | Depths:4 | Learned a level 6 spell: Plasma Beam
 75348 | Depths:4 | Identified the +9 flail "Qausogi" {vamp, rF+ rC+ rN+}
 75356 | Depths:4 | Found the +2 Maxwell's thermic engine {flame, freeze, rev}
 75978 | Slime:1  | Entered Level 1 of the Pits of Slime
 75982 | Slime:1  | Reached skill level 5 in Conjurations
 76767 | Slime:3  | Reached skill level 6 in Conjurations
 77490 | Slime:4  | Reached skill level 7 in Conjurations
 77784 | Slime:5  | Entered Level 5 of the Pits of Slime
 78267 | Slime:2  | Reached skill level 8 in Conjurations
 78789 | Slime:1  | Paralysed by a formless jellyfish for 1 turns
 79128 | Slime:2  | Reached skill level 9 in Conjurations
 79285 | Slime:2  | Reached skill level 10 in Conjurations
 80110 | Slime:5  | Noticed the Royal Jelly
 80117 | Slime:5  | Killed the Royal Jelly
 80118 | Slime:5  | Reached skill level 11 in Conjurations
 80302 | Slime:5  | Reached XP level 26. HP: 232/236 MP: 6/40
 80473 | Slime:5  | Reached skill level 12 in Conjurations
 80906 | Slime:5  | Identified the ring "Ykhliph" {*Corrode +Blink rPois Dex+6
                  | Slay+4}
 80907 | Slime:5  | Identified the +6 broad axe of Classification {flame, rElec
                  | Will+ rCorr Int-3}
 80931 | Slime:5  | Identified the staff of Unreason {rF+ Dex+4 Fire}
 80958 | Slime:5  | Found the +4 robe of Folly {Brill Will-∞ Int+8}
 80963 | Slime:5  | Identified the +2 spear "Derol" {holy, *Slow Int+5}
 80974 | Slime:5  | Got a slimy rune of Zot
 80977 | Slime:5  | Identified the staff of the Teaching Dragonfly {rF+ Str+2
                  | Fire Alchemy}
 81305 | Slime:5  | Identified the orb of Uwkapsof {*channel, Rampage rPois}
 82738 | Crypt:1  | Entered Level 1 of the Crypt
 82757 | Crypt:1  | Noticed a curse skull
 82762 | Crypt:1  | Killed a curse skull
 82898 | Crypt:1  | Reached skill level 13 in Conjurations
 84179 | Crypt:2  | Reached skill level 14 in Conjurations
 84404 | Crypt:2  | Identified the +5 war axe of the Candle {heavy, rElec Int-2
                  | Dex+2 Stlth+}
 85287 | Crypt:3  | Entered Level 3 of the Crypt
 85476 | Crypt:3  | Reached skill level 15 in Conjurations
 86064 | Crypt:3  | Noticed Jory
 86083 | Crypt:3  | Killed Jory
 86101 | Crypt:3  | Reached skill level 16 in Conjurations
 86108 | Crypt:3  | Identified the ring "Qufipug" {^Drain rF++ rN++ Will+}
 86387 | Crypt:3  | Found an ancient bone altar of Kikubaaqudgha.
 86550 | Crypt:3  | Noticed a dread lich
 86561 | Crypt:3  | Killed a dread lich
 86562 | Crypt:3  | Found the +0 cloak of the Thief {Quiet Slay-3 SInv Stlth+}
 86570 | Crypt:3  | Identified the staff "Rovopsej" {rF+ rN+ Int+3 Stlth+
                  | Necro}
 86927 | Crypt:3  | Found a staircase to the Tomb.
 86927 | Crypt:3  | Noticed Bai Suzhen
 87222 | Crypt:3  | Killed Bai Suzhen
 87342 | Crypt:3  | Identified the +8 mace "Yschethue" {spect, Will+}
 87475 | Crypt:3  | Noticed a curse skull
 87487 | Crypt:3  | Killed a curse skull
 87569 | Crypt:3  | Noticed a curse skull
 87582 | Crypt:3  | Killed a curse skull
 87583 | Crypt:3  | Reached skill level 17 in Conjurations
 87713 | Crypt:3  | Got the Directory of Signs
 88150 | Orc:2    | Bought a book of Annihilations for 960 gold pieces
 88162 | Orc:2    | Learned a level 9 spell: Fire Storm
 88437 | Vaults:5 | Entered Level 5 of the Vaults
 88738 | Vaults:5 | Reached XP level 27. HP: 233/243 MP: 24/40
 88949 | Vaults:5 | Noticed an ancient lich
 89016 | Vaults:5 | Killed an ancient lich
 89020 | Vaults:4 | Reached skill level 20 in Armour
 89853 | Vaults:5 | Reached skill level 18 in Conjurations
 92029 | Vaults:5 | Reached skill level 21 in Armour
 92061 | Vaults:5 | Got a silver rune of Zot
 93138 | Spider:3 | Killed AutarchDCSS's ghost
 93635 | Zot:1    | Entered Level 1 of the Realm of Zot
 94821 | Zot:1    | Reached skill level 19 in Conjurations
 94912 | Zot:1    | Noticed a curse toe
 95202 | Zot:1    | Killed a curse toe
 95888 | Zot:2    | Reached skill level 22 in Armour
 97042 | Zot:2    | Identified the +1 double sword "Zyt Zey" {antimagic, Str+3}
 97114 | Zot:2    | Identified the +7 double sword of the Jolly Brambles
                  | {spect, ^Drain rElec rN+ Str+2}
 97114 | Zot:2    | Identified the +3 double sword "Pyodot" {pain, rCorr}
 97119 | Zot:2    | Reached skill level 20 in Conjurations
 97620 | Zot:2    | Noticed a dread lich
 97641 | Zot:2    | Killed a dread lich
 97642 | Zot:2    | Reached skill level 23 in Armour
 98070 | Zot:2    | Noticed a dread lich
 98081 | Zot:2    | Killed a dread lich
 98185 | Zot:2    | Identified the +0 fire dragon scales "Ocuakh" {*Corrode
                  | rPois rF++ rC- Regen+ Int+3}
 98200 | Zot:2    | Found a candlelit altar of Ignis.
 98401 | Zot:3    | Identified the ring of the Dull Peach {Ice Dex+5}
 98401 | Zot:3    | Noticed Josephina
 98411 | Zot:3    | Killed Josephina
 98955 | Zot:3    | Reached skill level 21 in Conjurations
 98987 | Zot:3    | Found the +4 dragonskin cloak {Aegis}
 98987 | Zot:3    | Noticed Tiamat
 99418 | Zot:3    | Reached skill level 24 in Armour
 99593 | Zot:3    | Killed Tiamat
101827 | Zot:5    | Entered Level 5 of the Realm of Zot
102255 | Zot:5    | Reached skill level 22 in Conjurations
102264 | Zot:5    | Reached skill level 25 in Armour
102846 | Zot:5    | Noticed a dread lich
102982 | Zot:5    | Killed a dread lich
103257 | Zot:5    | Noticed an electric golem
103266 | Zot:5    | Noticed an ancient lich
103282 | Zot:5    | Killed an electric golem
103283 | Zot:5    | Noticed an orb of fire
103284 | Zot:5    | Noticed an orb of fire
103912 | Zot:5    | Gained mutation: You are clumsy. (Dex -2) [an orb of fire]
103927 | Zot:5    | Killed an orb of fire
103934 | Zot:5    | Noticed a dread lich
103945 | Zot:5    | Killed an orb of fire
103958 | Zot:5    | Killed a dread lich
103972 | Zot:5    | Noticed an orb of fire
103982 | Zot:5    | Gained mutation: You sometimes lose your temper in combat.
                  | [an orb of fire]
103986 | Zot:5    | Killed an orb of fire
103987 | Zot:5    | Killed an ancient lich
104315 | Zot:5    | Noticed an orb of fire
104332 | Zot:5    | Killed an orb of fire
104336 | Zot:5    | Noticed an electric golem
104337 | Zot:5    | Noticed an ancient lich
104343 | Zot:5    | Killed an ancient lich
104344 | Zot:5    | Reached skill level 26 in Armour
104356 | Zot:5    | Killed an electric golem
104665 | Zot:5    | Reached skill level 23 in Conjurations
105711 | Zot:5    | Lost mutation: You have a pair of small horns on your head.
                  | [potion of mutation]
105711 | Zot:5    | Lost mutation: You are clumsy. (Dex -2) [potion of
                  | mutation]
105711 | Zot:5    | Lost mutation: Your natural rate of healing is unusually
                  | fast. [potion of mutation]
105711 | Zot:5    | Gained mutation: You have an uncontrollable temper. [potion
                  | of mutation]
105711 | Zot:5    | Gained mutation: Your spells are a little harder to cast,
                  | but a little more powerful. [potion of mutation]
105711 | Zot:5    | Gained mutation: Your natural rate of healing is unusually
                  | fast. [potion of mutation]
105711 | Zot:5    | Gained mutation: Your flesh is heat resistant. (rF+)
                  | [potion of mutation]
105712 | Zot:5    | Lost mutation: You have an uncontrollable temper. [potion
                  | of mutation]
105712 | Zot:5    | Lost mutation: Your body sometimes deteriorates upon taking
                  | damage. [potion of mutation]
105712 | Zot:5    | Lost mutation: Your flesh is heat resistant. (rF+) [potion
                  | of mutation]
105712 | Zot:5    | Gained mutation: Your body sometimes deteriorates upon
                  | taking damage. [potion of mutation]
105712 | Zot:5    | Lost mutation: Your natural rate of healing is unusually
                  | fast. [potion of mutation]
105712 | Zot:5    | Gained mutation: You expend magic power (3 MP) to
                  | strengthen your wands. [potion of mutation]
105713 | Zot:5    | Lost mutation: You sometimes lose your temper in combat.
                  | [potion of mutation]
105713 | Zot:5    | Lost mutation: Your system is resistant to poisons. (rPois)
                  | [potion of mutation]
105713 | Zot:5    | Lost mutation: Your spells are a little harder to cast, but
                  | a little more powerful. [potion of mutation]
105713 | Zot:5    | Gained mutation: You are occasionally teleported next to
                  | monsters. [potion of mutation]
105713 | Zot:5    | Gained mutation: You possess an exceptional clarity of
                  | mind. [potion of mutation]
105713 | Zot:5    | Gained mutation: You have sharp toenails. [potion of
                  | mutation]
105714 | Zot:5    | Lost mutation: You have sharp toenails. [potion of
                  | mutation]
105714 | Zot:5    | Lost mutation: You are occasionally teleported next to
                  | monsters. [potion of mutation]
105714 | Zot:5    | Gained mutation: You are dopey. (Int -2) [potion of
                  | mutation]
105714 | Zot:5    | Lost mutation: You possess an exceptional clarity of mind.
                  | [potion of mutation]
105714 | Zot:5    | Gained mutation: You are partially covered in iridescent
                  | scales. (AC +2) [potion of mutation]
105715 | Zot:5    | Lost mutation: You are partially covered in iridescent
                  | scales. (AC +2) [potion of mutation]
105715 | Zot:5    | Lost mutation: Your body sometimes deteriorates upon taking
                  | damage. [potion of mutation]
105715 | Zot:5    | Gained mutation: You are agile. (Dex +4, Str/Int -1)
                  | [potion of mutation]
105715 | Zot:5    | Gained mutation: You possess an exceptional clarity of
                  | mind. [potion of mutation]
105715 | Zot:5    | Lost mutation: You are dopey. (Int -2) [potion of mutation]
105717 | Zot:5    | Got the Orb of Zot
105818 | Zot:4    | Noticed Gigatoq the pandemonium lord
105829 | Zot:4    | Killed Gigatoq the pandemonium lord
105851 | Zot:4    | Noticed Ubeteipp the pandemonium lord
106517 | D:1      | Noticed Qen Tent the pandemonium lord
106530 | D:$      | Escaped with the Orb!

Vanquished Creatures
  the Royal Jelly (Slime:5)
  5 dread liches
  Tiamat (Zot:3)
  3 ancient liches
  4 orbs of fire (Zot:5)
  3 juggernauts (Depths:4)
  Josephina (Zot:3)
  A curse toe (Zot:1)
  A pandemonium lord (Zot:4)
  5 Killer Klowns (Zot:5)
  Bai Suzhen (Crypt:3)
  2 caustic shrikes (Depths:4)
  13 golden dragons
  Jory (Crypt:3)
  A Brimstone Fiend (Zot:2)
  2 shard shrike zombies (Crypt:3)
  2 electric golems (Zot:5)
  An Ice Fiend (Depths:2)
  Jorgrun (Orc:1)
  5 liches
  Mlioglotl (Shoals:3)
  3 walking crystal tomes (Depths:4)
  17 tentacled monstrosities
  28 Orb Guardians
  Asterion (Vaults:1)
  3 deep elf blademasters
  2 deep elf master archers (Elf:3)
  9 titans
  2 walking earthen tomes
  A walking divine tome (Depths:4)
  5 quicksilver dragons
  A walking frostbound tome (Depths:4)
  8 death cobs
  Polyphemus (Shoals:2)
  5 ancient champions
  9 sphinxes
  18 acid blobs
  Gastronok (D:12)
  13 shadow dragons
  7 tengu reavers
  The ghost of AutarchDCSS the Spry, an adept DrFi of Elyvilon (Spider:3)
  17 storm dragons
  Donald (Elf:1)
  A revenant (Crypt:1)
  15 draconian monks
  9 fire giants
  6 protean progenitors
  6 draconian shifters
  The ghost of croobank the Summoner, an adept HuSu of Kikubaaqudgha (Orc:2)
  21 azure jellies
  6 deep elf sorcerers
  14 rockslimes
  6 frost giants
  3 emperor scorpions
  Louise (Shoals:2)
  17 draconian knights
  3 iron dragons
  5 deep elf elementalists (Elf:3)
  17 vault wardens
  A nargun (Zot:2)
  3 curse skulls
  2 ghost moths
  8 draconian scorchers
  19 ironbound preservers
  7 ghouls
  3 draconian stormcallers
  3 orc warlords
  6 reapers
  16 very ugly things
  12 formless jellyfish
  12 draconian annihilators
  10 broodmothers
  20 quicksilver oozes
  A spriggan defender (Depths:4)
  18 stone giants
  9 ironbound thunderhulks
  A caustic shrike skeleton (Crypt:1)
  A juggernaut skeleton (Crypt:3)
  5 vampire knights
  6 green draconians
  18 white draconians
  Nessos (Lair:4)
  9 deep elf demonologists
  13 deep elf death magi
  12 black draconians
  13 purple draconians
  18 dire elephants
  9 deep elf annihilators
  2 wendigos (Depths:2)
  13 spark wasps
  4 minotaurs
  5 war gargoyles
  16 red draconians
  15 yellow draconians
  Snorg (D:10)
  9 ettins
  6 eidola (Crypt:3)
  A blizzard demon (Depths:2)
  9 fire dragons
  2 green deaths
  An acid blob zombie (Crypt:2)
  A merfolk javelineer (Shoals:3)
  A mummy priest (Crypt:3)
  3 jiangshi (Depths:3)
  15 yaktaur captains
  A quicksilver dragon zombie (Crypt:2)
  9 entropy weavers
  8 merfolk impalers
  3 rakshasas
  11 ice dragons
  12 great orbs of eyes
  7 deep elf high priests
  A peacekeeper (Vaults:4)
  33 vault guards
  A hell beast (D:10)
  7 radroaches
  7 hydras
  An ogre mage (Vaults:5)
  2 catoblepae
  4 merfolk avatars
  A spriggan skeleton (Crypt:3)
  7 ironbound frosthearts
  A jorogumo (Lair:3)
  A merfolk aquamancer (Shoals:1)
  10 satyrs
  17 centaur warriors
  5 deep troll shamans
  9 boulder beetles
  35 dancing weapons
  8 death knights
  2 death yaks (Shoals:2)
  9 deep troll earth magi
  4 two-headed ogres
  An occultist (Depths:3)
  2 tengu warriors
  3 alligator snapping turtles
  3 spriggan berserkers (Depths:4)
  The ghost of Sun Gecaam the Eclecticist, a journeyman DEHW of Vehumet (D:12)
  4 vampire magi
  A titan zombie (Crypt:3)
  5 demonic crawlers
  A storm dragon zombie (Crypt:2)
  A shock serpent (shapeshifter) (D:14)
  6 soul eaters
  9 hell knights
  20 deep elf knights
  6 skysharks
  A shadow wraith (Crypt:2)
  26 skeletal warriors
  6 sea snakes
  7 iron trolls
  7 pharaoh ants
  A storm dragon skeleton (Crypt:1)
  2 quicksilver dragon simulacra (Zot:3)
  2 bunyip zombies
  4 glowing orange brains
  12 orb spiders
  4 arcanists
  5 flayed ghosts
  A deep troll (shapeshifter) (Depths:4)
  5 bog bodies
  Pikel (D:6)
  12 lindwurms
  62 deep trolls
  3 obsidian statues
  4 swamp dragons
  13 deep elf archers
  An anaconda skeleton (Crypt:2)
  2 sun moths (Spider:1)
  3 orange crystal statues
  16 necromancers
  7 orc knights
  2 bunyip skeletons (Crypt:3)
  A steelbarb worm (shapeshifter) (Depths:4)
  3 obsidian bats (Orc:2)
  A harpy (shapeshifter) (Vaults:5)
  8 thermic dynamos
  12 ironbound convokers
  36 deep elf pyromancers
  21 phantasmal warriors
  29 harpies
  27 deep elf zephyrmancers
  4 orc sorcerers
  A human zombie (Crypt:3)
  25 wolf spiders
  8 steelbarb worms
  A shining eye (shapeshifter) (Depths:4)
  10 shining eyes
  A stone giant zombie (Crypt:2)
  20 manticores
  2 frost giant zombies (Depths:1)
  33 moths of wrath
  2 oklob plants
  4 cyclopes
  A faun (shapeshifter) (Vaults:5)
  A fire giant skeleton (Crypt:2)
  A salamander (D:15)
  12 fauns
  5 kobold blastminers
  7 meliai
  36 ugly things
  2 centaur zombies (Crypt:3)
  5 merfolk sirens
  A rust devil (Depths:2)
  10 elephants
  14 vault sentinels
  2 stone giant skeletons
  An eye of devastation (Slime:2)
  A water nymph (Shoals:1)
  17 cane toads
  4 black mambas
  12 torpor snails
  4 gargoyles
  A smoke demon (Depths:2)
  A spark wasp simulacrum (Depths:2)
  2 unseen horrors (D:11)
  39 yaktaurs
  4 rime drakes
  2 efreet
  A tengu conjurer (Depths:2)
  10 komodo dragons
  A pale draconian skeleton (Crypt:1)
  13 freezing wraiths
  Psyche (D:8)
  A golden dragon simulacrum (Depths:2)
  3 guardian mummies (Crypt:3)
  2 trolls (shapeshifter)
  2 harpy zombies
  A red devil (D:10)
  11 trolls
  22 merfolk
  3 tyrant leeches (Lair:5)
  13 hellwings (Crypt:3)
  26 tarantellas
  6 hornets (Lair:5)
  3 harpy skeletons
  2 polar bears
  An ettin zombie (Crypt:3)
  A raiju (shapeshifter) (D:15)
  11 dream sheep
  4 glass eyes
  10 blink frogs
  An ice dragon zombie (Crypt:1)
  8 snapping turtles
  22 culicivoras
  A vampire (D:13)
  A snapping turtle (shapeshifter) (Vaults:4)
  3 black mamba zombies (Crypt:3)
  An ettin skeleton (Crypt:1)
  41 jumping spiders
  111 slime creatures
  9 water elementals
  2 shadows (D:12)
  3 air elementals
  A ynoxinul (Gauntlet)
  63 yaks
  10 wyverns
  Eustachio (D:6)
  10 wraiths
  A human (D:14)
  4 wargs
  7 vampire mosquitoes (D:14)
  A spectral kobold (Orc:2)
  5 steam dragons
  2 fire elementals
  12 golden eyes
  A golden eye (shapeshifter) (Elf:2)
  6 basilisks
  44 redbacks
  3 spriggan simulacra
  2 swamp worms (Zot:4)
  A harpy simulacrum (Crypt:2)
  4 acid dragons
  A glowing shapeshifter zombie (Depths:1)
  18 water moccasins
  A hell hound (D:4)
  2 moth of wrath simulacra (Zot:3)
  2 spectral trolls (Orc:2)
  A demonspawn skeleton (Crypt:1)
  38 orc warriors
  A sky beast (D:6)
  2 naga skeletons (Crypt:3)
  9 laughing skulls
  2 swamp drakes (Lair:5)
  3 ice beasts
  14 wolves
  8 ogres
  3 boggarts
  4 centaurs
  A lemure (D:7)
  A kobold brigand (D:9)
  A yaktaur zombie (Crypt:1)
  A draconian zombie (Crypt:2)
  10 bullfrogs
  3 gnoll sergeants
  6 scorpions
  A brain worm (shapeshifter) (Elf:1)
  5 earth elementals
  9 wyvern skeletons (Crypt:3)
  10 wights
  2 spectral ogres (Orc:2)
  3 spriggan zombies
  17 killer bees
  8 electric eels
  A howler monkey (D:5)
  6 hounds
  A gnoll bouda (D:8)
  14 jellies
  26 orc priests
  2 iron imps (Gauntlet)
  A basilisk skeleton (Crypt:1)
  7 iguanas
  27 orc wizards
  A spectral orc (Orc:2)
  An ogre skeleton (Crypt:2)
  8 adders
  16 gnolls
  4 river rats (Sewer)
  2 shadow imps
  3 white imps
  An orc simulacrum (Orc:2)
  4 ribbon worms
  5 dart slugs
  101 orcs
  6 ball pythons
  14 endoplasms
  11 giant cockroaches
  9 goblins
  10 hobgoblins
  6 jackals
  6 quokkas
  8 frilled lizards
  A hobgoblin zombie (Crypt:2)
  7 kobolds
  9 rats
  An aspiring flesh (Zot:4)
  A spectral weapon (Vaults:1)
  6 tentacles (Shoals:3)
2663 creatures vanquished.

Vanquished Creatures (others)
  A draconian knight (Zot:3)
  A fire giant (Depths:1)
  2 deep elf high priests (Vaults:5)
  A deep elf pyromancer (D:14)
  A fire elemental (Elf:1)
  A wolf (Gauntlet)
  An orc wizard (Orc:2)
  2 starspawn tentacles (Shoals:3)
  10 tentacles (Shoals:3)
20 creatures vanquished.

Grand Total: 2683 creatures vanquished

Table legend: (Time is in decaauts)
 A = Elapsed time spent in this place.
 B = Non-inter-level travel time spent in this place.
 C = Inter-level travel time spent in this place.
 D = Time resting spent in this place.
 E = Time spent auto-exploring this place.
 F = Levels seen in this place.
 G = Mean time per level.
                   A        B        C        D        E       F      G
               +--------+--------+--------+--------+--------+-----+--------+
         Total | 105826 |  97897 |   7929 |  25807 |  51974 |  58 | 1824.6 |
       Dungeon |  28521 |  25438 |   3083 |   6914 |  13601 |  15 | 1901.4 |
          Lair |  10553 |   9478 |   1075 |   2004 |   5475 |   5 | 2110.6 |
        Shoals |   7108 |   6829 |    279 |   2388 |   2822 |   4 | 1777.0 |
   Spider Nest |   7297 |   7049 |    248 |   2460 |   2466 |   4 | 1824.2 |
    Slime Pits |   5975 |   5806 |    169 |   1740 |   3033 |   5 | 1195.0 |
  Orcish Mines |   3189 |   2764 |    425 |    425 |   1579 |   2 | 1594.5 |
   Elven Halls |   6496 |   6052 |    444 |   1237 |   3872 |   3 | 2165.3 |
        Vaults |  10562 |   9567 |    995 |   2815 |   5159 |   5 | 2112.4 |
         Crypt |   5032 |   4742 |    290 |    487 |   3220 |   3 | 1677.3 |
        Depths |   8071 |   7556 |    515 |   1591 |   4705 |   4 | 2017.8 |
           Zot |  11954 |  11552 |    402 |   3539 |   5726 |   5 | 2390.8 |
         Trove |     50 |     50 |      0 |      0 |      0 |   1 |   50.0 |
         Sewer |    588 |    588 |      0 |    160 |    153 |   1 |  588.0 |
      Gauntlet |    423 |    423 |      0 |     43 |    158 |   1 |  423.0 |
               +--------+--------+--------+--------+--------+-----+--------+

Top non-repeatable levels by time:
Vaults:4: 4278 daAuts
    D:14: 3709 daAuts
    D:12: 3481 daAuts
     D:8: 3212 daAuts
   Zot:2: 2880 daAuts
Depths:4: 2813 daAuts
   Zot:5: 2796 daAuts
  Lair:5: 2791 daAuts
  Lair:3: 2625 daAuts
    D:11: 2488 daAuts
   Zot:4: 2463 daAuts
 Crypt:3: 2452 daAuts
   Elf:3: 2379 daAuts
Shoals:3: 2345 daAuts
Spider:3: 2187 daAuts

Table legend:
 A = Non-vault XP
 B = Vault XP
 C = Vault XP percentage of total XP
 D = Non-vault monster count
 E = Vault monster count
 F = Vault count percentage of total count
                 A         B        C        D         E       F
            +---------+---------+-------+---------+---------+-------
      Total |  844162 |  842550 |  50.0 |    1604 |    1026 |  39.0
            +---------+---------+-------+---------+---------+-------
        D:1 |      39 |       0 |   0.0 |      18 |       0 |   0.0
        D:2 |      55 |      23 |  29.5 |      20 |       5 |  20.0
        D:3 |     187 |       7 |   3.6 |      12 |       5 |  29.4
        D:4 |     157 |      85 |  35.1 |      20 |       2 |   9.1
        D:5 |     604 |     129 |  17.6 |      14 |       3 |  17.6
        D:6 |    1348 |     900 |  40.0 |      25 |       2 |   7.4
        D:7 |     884 |     214 |  19.5 |      17 |       1 |   5.6
        D:8 |    4882 |    2040 |  29.5 |      48 |      11 |  18.6
        D:9 |    2526 |     662 |  20.8 |      20 |       1 |   4.8
       D:10 |    2162 |     959 |  30.7 |      22 |       1 |   4.3
       D:11 |    4199 |    1220 |  22.5 |      16 |      20 |  55.6
       D:12 |   10449 |    4757 |  31.3 |      39 |      26 |  40.0
       D:13 |    8962 |     843 |   8.6 |      25 |       1 |   3.8
       D:14 |   29302 |   10417 |  26.2 |      56 |      16 |  22.2
       D:15 |   15685 |    2628 |  14.4 |      28 |       3 |   9.7
     Lair:1 |    4796 |       0 |   0.0 |      21 |       0 |   0.0
     Lair:2 |    7119 |     487 |   6.4 |      22 |       3 |  12.0
     Lair:3 |    9892 |    3676 |  27.1 |      27 |      10 |  27.0
     Lair:4 |    9532 |    1042 |   9.9 |      33 |       1 |   2.9
     Lair:5 |   13691 |    9680 |  41.4 |      44 |      28 |  38.9
   Shoals:1 |   10060 |       0 |   0.0 |      21 |       0 |   0.0
   Shoals:2 |    6670 |    5239 |  44.0 |      17 |       5 |  22.7
   Shoals:3 |   15266 |   10504 |  40.8 |      28 |      13 |  31.7
   Shoals:4 |   14855 |   19742 |  57.1 |      28 |      29 |  50.9
   Spider:1 |   26537 |       0 |   0.0 |      63 |       0 |   0.0
   Spider:2 |    8753 |       0 |   0.0 |      21 |       0 |   0.0
   Spider:3 |   25974 |    1584 |   5.7 |      61 |       2 |   3.2
   Spider:4 |    8796 |   25659 |  74.5 |      22 |      44 |  66.7
    Slime:1 |   12744 |       0 |   0.0 |      23 |       0 |   0.0
    Slime:2 |   13334 |   15577 |  53.9 |      29 |      17 |  37.0
    Slime:3 |   15023 |     471 |   3.0 |      32 |       2 |   5.9
    Slime:4 |   14904 |       0 |   0.0 |      15 |       0 |   0.0
    Slime:5 |   22011 |   28624 |  56.5 |      36 |      23 |  39.0
      Orc:1 |    1233 |    2784 |  69.3 |      30 |       6 |  16.7
      Orc:2 |    4625 |    9041 |  66.2 |      34 |      65 |  65.7
      Elf:1 |   25864 |    7813 |  23.2 |      45 |      11 |  19.6
      Elf:2 |   16331 |   28149 |  63.3 |      28 |      36 |  56.2
      Elf:3 |   23405 |   38594 |  62.2 |      34 |      34 |  50.0
   Vaults:1 |   51452 |   24525 |  32.3 |      71 |      32 |  31.1
   Vaults:2 |   23542 |   44405 |  65.4 |      32 |      54 |  62.8
   Vaults:3 |    3493 |   15816 |  81.9 |       4 |      22 |  84.6
   Vaults:4 |   21854 |   42756 |  66.2 |      31 |      42 |  57.5
   Vaults:5 |    9864 |   74408 |  88.3 |      17 |      72 |  80.9
    Crypt:1 |   28626 |       0 |   0.0 |      37 |       0 |   0.0
    Crypt:2 |   26211 |       0 |   0.0 |      47 |       0 |   0.0
    Crypt:3 |       0 |   71572 | 100.0 |       0 |     107 | 100.0
   Depths:1 |   27346 |       0 |   0.0 |      32 |       0 |   0.0
   Depths:2 |   30018 |   17136 |  36.3 |      38 |      22 |  36.7
   Depths:3 |   13380 |    2730 |  16.9 |      14 |       7 |  33.3
   Depths:4 |       0 |  108761 | 100.0 |       0 |      87 | 100.0
      Zot:1 |   28456 |   13124 |  31.6 |      24 |      12 |  33.3
      Zot:2 |   67052 |   64495 |  49.0 |      57 |      48 |  45.7
      Zot:3 |   38133 |   22939 |  37.6 |      29 |      17 |  37.0
      Zot:4 |   50635 |       0 |   0.0 |      50 |       0 |   0.0
      Zot:5 |   31244 |  103131 |  76.7 |      27 |      42 |  60.9
      Sewer |       0 |     214 | 100.0 |       0 |      26 | 100.0
   Gauntlet |       0 |    2988 | 100.0 |       0 |      10 | 100.0
            +---------+---------+-------+---------+---------+-------
